 Dungeon Crawl Stone Soup version 0.30-a0-879-ga8ba668304 (webtiles) character file.

Game seed: 18057690512803398783

1243 Hubjo the Grave Robber (level 8, -2/60 (61) HPs)
             Began as a Demonspawn Necromancer on Mar 13, 2023.
             Was an Initiate of Qazlal.
             Shot with a bolt by an orc warrior (6 damage)
             ... on level 7 of the Dungeon.
             The game lasted 00:14:09 (7622 turns).

Hubjo the Grave Robber (Demonspawn Necromancer)     Turns: 7622, Time: 00:14:09

HP:   -2/60 (61)    AC:  3    Str:  9    XL:     8   Next: 25%
MP:   11/15         EV: 12    Int: 19    God:    Qazlal [......]
Gold: 335           SH:  0    Dex: 13    Spells: 11/16 levels left

rFire   + . .      SeeInvis .    k - +4 war axe
rCold   . . .      Faith    .    (no shield)
rNeg    . . .      Spirit   .    a - +1 robe
rPois   .          Reflect  .    (helmet restricted)
rElec   .          Rampage  .    e - scarf {harm}
rCorr   .          Harm     + .  (no gloves)
Will    .....                    (no boots)
Stlth   +++                      (no amulet)
HPRegen 0.30/turn                j - ring of protection from fire
MPRegen 0.14/turn                m - ring of wizardry

@: lightly drained
A: antennae 1, spiny 2, condensation shield
a: Renounce Religion


You were on level 7 of the Dungeon.
You worshipped Qazlal.
Qazlal was noncommittal.
You visited 2 branches of the dungeon, and saw 8 of its levels.

You collected 335 gold pieces.

Inventory:

Hand Weapons
 k - a +4 war axe (weapon)
Missiles
 i - 5 javelins
Armour
 a - a +1 robe (worn)
 e - a scarf of harm (worn)
 h - a +2 helmet
Jewellery
 j - a ring of protection from fire (left hand)
 m - a ring of wizardry (right hand)
 u - a ring of resist corrosion
 C - a ring of wizardry
Wands
 f - a wand of flame (16)
 x - a wand of digging (6)
 z - a wand of mindburst (31)
Scrolls
 n - a scroll of blinking
 o - 2 scrolls of teleportation
 p - a scroll of identify
 q - a scroll of amnesia
 r - a scroll of noise
 y - a scroll of vulnerability
 A - 2 scrolls of enchant armour
 B - 2 scrolls of magic mapping
Potions
 b - 2 potions of magic
 c - 2 potions of mutation {unknown}
 d - 3 potions of degeneration {unknown}
 g - a potion of invisibility
 l - 2 potions of cancellation {unknown}
 s - 5 potions of curing
 t - 2 potions of ambrosia {unknown}
 v - a potion of haste {unknown}
 w - 3 potions of brilliance {unknown}


   Skills:
 + Level 4.7 Fighting
 - Level 1.7 Dodging
 + Level 5.2 Stealth
 + Level 4.9 Spellcasting
 + Level 7.0 Necromancy
 + Level 0.2 Invocations


You had 11 spell levels left.
You knew the following spells:

 Your Spells              Type           Power      Damage    Failure   Level
a - Necrotise             Necr           100%       1d9       1%          1
b - Animate Dead          Necr           31%        N/A       2%          4

Your spell library contained the following spells:

 Spells                   Type           Power      Damage    Failure   Level
 Vampiric Draining        Necr           31%        2d8       1%          3
 Agony                    Necr           31%        N/A       8%          5
 Ignite Poison            Fire/Tmut/Pois 4%         N/A       16%         3
 Sticky Flame             Conj/Fire      4%         2d3       43%         4
 Ignition                 Fire           2%         3d3       100%        8


Dungeon Overview and Level Annotations

Branches:
Dungeon (7/15)             Temple (1/1) D:7

Altars:
Ashenzari
Cheibriados
Dithmenos
Fedhas
Gozag
Kikubaaqudgha
Makhleb
Okawaru
Qazlal
Ru
Uskayaw
Vehumet
Wu Jian
Yredelemnul

Shops:
D:7 *


Innate Abilities, Weirdness & Mutations

You have a pair of small antennae on your head.
You are mostly covered in sharp spines.
A meltable shield of frost defends you. (SH +0)


Message History

Found the ring of the Tortoise {AC+8}.
The orc wizard shouts!
The orc warrior shouts!
The orc warrior unwields a +0 heavy war axe.
The orc warrior wields a +2 arbalest of freezing.
It is covered in frost.
The orc warrior shoots a bolt.
The bolt hits you. The bolt freezes you.
The orc warrior shoots a bolt.
The bolt completely misses you.
The orc wizard writhes in agony.
The orc wizard writhes in agony.
The orc wizard is struck by your spines.
The orc wizard hits you with a +1 dagger of draining.
You feel drained.
The orc warrior shoots a bolt.
The bolt barely misses you.
The orc wizard writhes in agony.
The orc wizard casts a spell at you. The puff of flame hits you.
Your condensation shield dissipates!
You resist.
The orc wizard writhes in agony!
You kill the orc wizard!
Qazlal accepts your kill.
The dead are walking!
The orc is struck by your spines.
You kill the orc!
Qazlal accepts your kill.
The orc warrior shoots a bolt.
The bolt hits your orc wizard skeleton!
The bolt freezes your orc wizard skeleton.
The orc warrior shoots a bolt.
The bolt hits your orc wizard skeleton!
Your orc wizard skeleton is destroyed!
Things that are here:
a +0 dagger; an orc corpse The orc warrior barely resists.
The orc warrior shoots a bolt.
The bolt hits you! The bolt freezes you.
You are too injured to fight recklessly!
You are too injured to fight recklessly!
You are too injured to fight recklessly!
You are too injured to fight recklessly!
You are too injured to fight recklessly!
The orc warrior shoots a bolt.
The bolt hits you!!
* * * LOW HITPOINT WARNING * * *
The bolt freezes you.
You die...

#+#### ##
###....## ...
#.......# ##.
#.P._.P. #
#....[o #
#.....#.#
.####.......###.
.......))#......
####.#.@.=.#
#.#.###.#
#.......#
###.##### #.#
####### #.#
#..<..#
####.######
#.###.#
#.........#
#########
#.###.####
#.##.####.#
#........


You could see an orc warrior.

Vanquished Creatures
  A water moccasin (D:6)
  An ogre (D:3)
  3 ice beasts
  A centaur (D:6)
  A kobold brigand (D:7)
  A scorpion (D:5)
  A hound (D:5)
  An orc priest (D:5)
  A sleepcap (D:4)
  4 orc wizards
  Ijyb (D:4)
  Natasha (thrice) (D:2)
  11 adders
  2 gnolls (D:4)
  4 worms
  2 dart slugs (D:2)
  23 orcs
  4 bats
  9 endoplasms
  A giant cockroach (D:3)
  7 hobgoblins
  8 jackals
  7 quokkas
  5 ball pythons
  8 frilled lizards
  7 goblins
  13 kobolds
  7 rats
  A bush (D:2)
138 creatures vanquished.

Vanquished Creatures (collateral kills)
  A gnoll (D:4)
  A goblin (D:1)
  A hobgoblin (D:1)
  A quokka (D:3)
  A rat (D:2)
5 creatures vanquished.

Vanquished Creatures (others)
  10 plants (D:2)
10 creatures vanquished.

Grand Total: 153 creatures vanquished

Notes
Turn   | Place    | Note
-------+----------+-------------------------------------------
     0 | D:1      | Hubjo the Demonspawn Necromancer began the quest for the
                  | Orb.
     0 | D:1      | Reached XP level 1. HP: 13/13 MP: 3/3
   247 | D:1      | Gained mutation: You are partially covered in sharp spines.
                  | [demonic ancestry]
   247 | D:1      | Reached XP level 2. HP: 20/20 MP: 3/5
   566 | D:1      | Reached skill level 1 in Fighting
   918 | D:2      | Gained mutation: A meltable shield of frost defends you.
                  | (SH +0) [demonic ancestry]
   918 | D:2      | Reached XP level 3. HP: 25/26 MP: 3/6
  1166 | D:2      | Noticed Natasha
  1166 | D:2      | You fall into a shaft and drop 1 floor!
  1329 | D:3      | Noticed an ogre
  1340 | D:3      | Killed an ogre
  1341 | D:3      | Reached skill level 5 in Necromancy
  1341 | D:3      | Gained mutation: You have a pair of small antennae on your
                  | head. [demonic ancestry]
  1341 | D:3      | Reached XP level 4. HP: 11/33 MP: 1/8
  1341 | D:3      | Reached XP level 5. HP: 13/38 MP: 1/9
  1804 | D:3      | Found a burning altar of Makhleb.
  1804 | D:3      | Found a shadowy altar of Dithmenos.
  1805 | D:3      | Found an opulent altar of Gozag.
  1818 | D:3      | Found an ornate altar of the Wu Jian Council.
  2376 | D:2      | Killed Natasha
  2683 | D:2      | Reached XP level 6. HP: 46/46 MP: 8/10
  3289 | D:2      | Noticed Natasha
  3291 | D:2      | Killed Natasha
  3574 | D:2      | Noticed Natasha
  3581 | D:2      | Killed Natasha
  3612 | D:3      | Learned a level 4 spell: Animate Dead
  3954 | D:4      | Noticed Ijyb
  3962 | D:4      | Killed Ijyb
  4716 | D:5      | Entered Level 5 of the Dungeon
  4924 | D:5      | Gained mutation: You are mostly covered in sharp spines.
                  | [demonic ancestry]
  4924 | D:5      | Reached XP level 7. HP: 47/52 MP: 12/12
  4928 | D:5      | Reached skill level 6 in Necromancy
  6488 | D:6      | Reached XP level 8. HP: 39/61 MP: 5/14
  7109 | D:7      | Found Zin's Purification Station.
  7155 | D:7      | Found a staircase to the Ecumenical Temple.
  7159 | D:7      | Reached skill level 5 in Stealth
  7292 | D:7      | Reached skill level 7 in Necromancy
  7348 | Temple   | Entered the Ecumenical Temple
  7408 | Temple   | Became a worshipper of Qazlal Stormbringer
  7613 | D:7      | Found a snail-covered altar of Cheibriados.
  7614 | D:7      | Found the ring of the Tortoise {AC+8}
  7622 | D:7      | Shot with a bolt by an orc warrior

Illustrated notes

Levels and vault maps discovered:
D:1:      dpeg_arrival_simpleton_b, layout_rooms, nrook_uturn
D:2:      layout_loops_cross, lexackson_kobold_supper, uniq_natasha
D:3:      minmay_chambers_of_threes, layout_loops_ring,
          nicolae_overflow_quartered_altars
D:4:      layout_cave_pods, st_stairs_5, uniq_ijyb
D:5:      minmay_spotlight, layout_loops_corners, corner_web_ring
D:6:      layout_loops_ring
D:7:      layout_loops_corners, zin_purify, mainiacjoe_overflow_tiny_flanked,
          minmay_temple_entry_antechambers, minmay_joined_circles
Temple:   nicolae_temple_ecumenical_triangle

Skill      XL: |  1  2  3  4  5  6  7  8 |
---------------+-------------------------+-----
Stealth        | 2 3 4 5 |  5.2
Fighting       | 1 2 3 4 |  4.7
Spellcasting   | 3 4 |  4.9
Necromancy     | 5 6 7 |  7.0
Dodging        | |  1.7
Invocations    | |  0.2

Action                     |  1- 3 |  4- 6 |  7- 9 || total
---------------------------+-------+-------+-------++-------
  Melee: Unarmed           |    21 |       |       ||    21
         War axe           |     3 |    78 |     1 ||    82
         Punch             |       |     3 |       ||     3
   Cast: Necrotise         |    51 |   121 |    64 ||   236
    Use: Scroll            |       |     2 |    10 ||    12
 Armour: Robe              |     5 |     6 |     3 ||    14
  Dodge: Dodged            |    33 |    37 |    18 ||    88
  Block: Other             |     2 |    15 |     9 ||    26

Table legend: (Time is in decaauts)
 A = Elapsed time spent in this place.
 B = Non-inter-level travel time spent in this place.
 C = Inter-level travel time spent in this place.
 D = Time resting spent in this place.
 E = Time spent auto-exploring this place.
 F = Levels seen in this place.
 G = Mean time per level.
                   A        B        C        D        E       F      G
               +--------+--------+--------+--------+--------+-----+--------+
         Total |   7665 |   6744 |    921 |      0 |   5654 |   8 |  958.1 |
       Dungeon |   7592 |   6699 |    893 |      0 |   5620 |   7 | 1084.6 |
        Temple |     72 |     44 |     28 |      0 |     34 |   1 |   72.0 |
               +--------+--------+--------+--------+--------+-----+--------+

Top non-repeatable levels by time:
     D:2: 1576 daAuts
     D:5: 1396 daAuts
     D:3: 1378 daAuts
     D:4: 1118 daAuts
     D:1: 857 daAuts
     D:6: 711 daAuts
     D:7: 553 daAuts
  Temple: 72 daAuts
